 Dungeon Crawl Stone Soup version 0.27-a0-637-g3a9f0a9c12 (webtiles) character file.

Game seed: 18002098858171219862

322 HoaS the Twirler (level 6, -8/48 HPs)
             Began as a Demigod Gladiator on Mar 14, 2021.
             Splashed by Ijyb's acid (9 damage)
             ... on level 3 of the Dungeon.
             The game lasted 00:04:59 (2885 turns).

HoaS the Twirler (Demigod Gladiator)                Turns: 2885, Time: 00:04:59

Health: -8/48      AC:  8    Str: 23    XL:     6   Next: 1%
Magic:  8/8        EV:  7    Int: 10    God:
Gold:   103        SH:  0    Dex: 15    Spells: 5/5 levels left

rFire    . . .     SeeInvis .   a - +1 quarterstaff
rCold    . . .     Faith    .   (shield currently unavailable)
rNeg     . . .     Spirit   .   h - +0 plate armour
rPois    .         Reflect  .   c - +0 helmet
rElec    .         Harm     .   l - +0 cloak
rCorr    .         Rampage  .   (no gloves)
Will     .....                  (no boots)
Stlth    ..........             (no amulet)
HPRegen  0.16/turn              (no ring)
MPRegen  0.11/turn              (no ring)

@: corroded
A: high mp 1, forlorn
a: no special abilities


You were on level 3 of the Dungeon.
You visited 1 branch of the dungeon, and saw 3 of its levels.

You collected 103 gold pieces.

Inventory:

Hand Weapons
 a - a +1 quarterstaff (weapon)
Missiles
 d - a throwing net (quivered)
 k - 7 boomerangs
Armour
 c - a +0 helmet (worn)
 h - a +0 plate armour (worn)
 l - a +0 cloak (worn)
Wands
 e - a wand of paralysis (5)
Scrolls
 j - 2 scrolls of magic mapping
 n - a scroll of teleportation {unknown}
Potions
 b - 3 potions of haste
 f - a potion of brilliance {unknown}
 g - 2 potions of might
 i - a potion of heal wounds
 m - a potion of lignification {unknown}


   Skills:
 - Level 1.7 Fighting
 + Level 6.4 Staves
 - Level 1.7 Throwing
 - Level 2.6 Dodging


You had 5 spell levels left.
You didn't know any spells.
Your spell library was empty.

Dungeon Overview and Level Annotations

Branches:
Dungeon (3/15)

Annotations:
D:3 3 runed translucent doors, Ijyb; adept's ghost, amateur FoAK; adept's ghost, amateur MiAK


Innate Abilities, Weirdness & Mutations

Your attributes grow dramatically as you level up.
You have an increased reservoir of magic. (+10% MP)
You shall have no god before yourself.


Message History

You kill the goblin!
You closely miss the hobgoblin. The hobgoblin completely misses you.
You sock the hobgoblin!
You kill the hobgoblin!
You closely miss the goblin. The goblin hits you but does no damage.
You hit the goblin.
You kill the goblin!
Ijyb zaps a wand.
The bolt of acid hits you! The acid corrodes you!
You are splashed with acid!!
You swing at nothing.
You are too injured to fight recklessly!
Throw: 2 throwing nets
Press: ? - help, Shift-Dir - straight line, f - Ijyb
Aim: Ijyb, wearing a +2 leather armour of fire resistance and carrying a wand of acid (6) (47% to hit)
You throw a throwing net. The throwing net hits Ijyb.
Ijyb is caught in the net!
Ijyb struggles against the net.
You catch the helpless Ijyb completely off-guard!
You hit Ijyb but do no damage.
Ijyb struggles against the net.
You hit Ijyb.
Ijyb is lightly wounded.
You hit Ijyb.
Ijyb is moderately wounded.
Ijyb struggles against the net.
You hit Ijyb.
Ijyb is heavily wounded.
Ijyb struggles against the net.
You hit Ijyb.
Ijyb is heavily wounded.
Ijyb drinks a potion.
Ijyb is healed!
Ijyb struggles against the net.
The net rips apart, and Ijyb comes free!
You hit Ijyb but do no damage. Ijyb screams, "Me stronger than you!"
Ijyb hits you but does no damage.
You closely miss Ijyb. Ijyb barely misses you.
Your plate armour prevents you from hitting Ijyb.
Ijyb zaps a wand.
The bolt of acid hits you!
* * * LOW HITPOINT WARNING * * *
You are splashed with acid!
You die...

*,*#######.# #.
*,*#.......# #.
*,*#.####### #.
*,*#.############# #.
*,*#........)....#
#####.
*,##############.###
#.....
***,#..,..##.g.gg#...#
#.####
,,,,#.###.##.###g###.#
#.# *####)g...##.# #@#
#.# #.# #.....##g.g.#
#.###.# ##.#*##
#.###.###.### #.....#
#..#♣⌠♣ #,* #...g.#
####### #..#W.. **,*
#†.####***** #..#...
,,,* #g.8.8,8,8,*
#..+... ****
#..g...,,,,* #..+..[
#..g..g.g,,* ##.+...
#....g..),,* #.#...


You could see Ijyb and 2 goblins.

Vanquished Creatures
  Sigmund (D:2)
  A hound (D:2)
  Crazy Yiuf (D:2)
  An iguana (D:3)
  An adder (D:2)
  An ooze (D:1)
  3 worms
  6 orcs (D:3)
  6 bats
  A giant cockroach (D:3)
  10 goblins
  8 hobgoblins
  3 jackals (D:2)
  A quokka (D:3)
  A frilled lizard (D:2)
  7 kobolds
  4 rats
56 creatures vanquished.

Notes
Turn   | Place    | Note
-------+----------+-------------------------------------------
     0 | D:1      | HoaS the Demigod Gladiator began the quest for the Orb.
     0 | D:1      | Reached XP level 1. HP: 17/17 MP: 3/3
   181 | D:1      | Reached skill level 3 in Staves
   737 | D:1      | Reached XP level 2. HP: 24/24 MP: 4/4
  1480 | D:2      | Reached XP level 3. HP: 21/29 MP: 5/5
  1485 | D:2      | Reached skill level 4 in Staves
  1941 | D:2      | Reached XP level 4. HP: 32/36 MP: 6/6
  1986 | D:2      | Found a runed translucent door.
  1987 | D:2      | Noticed Crazy Yiuf
  2211 | D:2      | Noticed Sigmund
  2228 | D:2      | Killed Sigmund
  2229 | D:2      | Reached skill level 6 in Staves
  2229 | D:2      | Reached XP level 5. HP: 30/41 MP: 7/7
  2345 | D:2      | Killed Crazy Yiuf
  2660 | D:3      | Found a runed translucent gate.
  2661 | D:3      | Found a runed translucent gate.
  2662 | D:3      | Found a runed translucent gate.
  2663 | D:3      | Noticed adept's ghost (amateur MiAK)
  2664 | D:3      | Noticed adept's ghost (amateur FoAK)
  2848 | D:3      | Noticed Ijyb
  2849 | D:3      | Reached XP level 6. HP: 44/48 MP: 8/8
  2885 | D:3      | HP: 1/48 [Ijyb/bolt of acid (17)]
  2885 | D:3      | Splashed by Ijyb's acid

Illustrated notes

Levels and vault maps discovered:
D:1:      minmay_arrival_four_houses, layout_loops_corners
D:2:      layout_basic, serial_glass, glass_columns_c, glass_columns_a,
          uniq_sigmund, uniq_crazy_yiuf_cottage
D:3:      kennysheep_the_goblin_king, layout_basic, gammafunk_ghost_cemetery,
          uniq_ijyb

Skill      XL: |  1  2  3  4 |
---------------+-------------+-----
Staves         | 3 4 6 |  6.4
Fighting       | |  1.7
Throwing       | |  1.7
Dodging        | |  2.6

Action                   |  1- 3 |  4- 6 || total
-------------------------+-------+-------++-------
Melee: Quarterstaff      |   103 |    66 ||   169
Throw: Boomerang         |       |     8 ||     8
       Throwing net      |       |     6 ||     6
  Use: Scroll            |     3 |     4 ||     7
 Stab: Held in net/web   |       |     2 ||     2
Armor: Plate armour      |    70 |    20 ||    90
       Scale mail        |     6 |       ||     6
Dodge: Dodged            |    33 |    15 ||    48

Table legend: (Time is in decaauts)
 A = Elapsed time spent in this place.
 B = Non-inter-level travel time spent in this place.
 C = Inter-level travel time spent in this place.
 D = Time resting spent in this place.
 E = Time spent auto-exploring this place.
 F = Levels seen in this place.
 G = Mean time per level.
                   A        B        C        D        E       F      G
               +--------+--------+--------+--------+--------+-----+--------+
         Total |   2897 |   2843 |     54 |    651 |   1760 |   3 |  965.7 |
       Dungeon |   2897 |   2843 |     54 |    651 |   1760 |   3 |  965.7 |
               +--------+--------+--------+--------+--------+-----+--------+

Top non-repeatable levels by time:
     D:2: 1265 daAuts
     D:1: 1131 daAuts
     D:3: 500 daAuts
